 Dungeon Crawl Stone Soup version 0.25-a0-815-gab441bd002 (webtiles) character file.

Game seed: 5713366659401977190, levelgen mode: deterministic

188 Anathary the Skirmisher (level 5, -2/43 HPs)
             Began as a Demonspawn Fighter on Apr 20, 2020.
             Slain by Menkaure (11 damage)
             ... on level 5 of the Dungeon.
             The game lasted 00:12:46 (3903 turns).

Anathary the Skirmisher (Demonspawn Fighter)        Turns: 3903, Time: 00:12:47

Health: -2/43      AC: 14    Str: 17    XL:     5   Next: 39%
Magic:  5/5        EV:  7    Int:  9    God:
Gold:   220        SH:  9    Dex: 13    Spells: 4/4 levels left

rFire    . . .     SeeInvis .   a - +0 war axe
rCold    . . .     Gourm    .   c - +1 kite shield
rNeg     . . .     Faith    .   b - +0 scale mail
rPois    .         Spirit   .   o - +1 helmet
rElec    .         Reflect  .   p - +2 cloak
rCorr    .         Harm     .   (no gloves)
MR       +....     Rnd*Rage +   (no boots)
Stlth    +.........             (no amulet)
HPRegen  0.14/turn              (no ring)
MPRegen  0.09/turn              (no ring)

@: no status effects
A: molten scales 2, berserk 1, magic resistance 1, nightstalker 1, MP-powered
wands
a: no special abilities


You were on level 5 of the Dungeon.
You were not hungry.

You visited 1 branch of the dungeon, and saw 5 of its levels.

You collected 220 gold pieces.

Inventory:

Hand Weapons
 a - a +0 war axe (weapon)
Armour
 b - a +0 scale mail (worn)
 c - a +1 kite shield (worn)
 o - a +1 helmet (worn)
 p - a +2 cloak (worn)
Jewellery
 g - a +2 ring of evasion {unknown}
Wands
 l - a wand of acid (8)
Scrolls
 i - 2 scrolls of magic mapping
 j - a scroll of remove curse
 n - 2 scrolls of teleportation
Potions
 d - a potion of might
 e - a potion of heal wounds
 h - a potion of lignification
 k - a potion of resistance
 m - a potion of curing {unknown}
Comestibles
 f - 5 rations


   Skills:
 * Level 4.4 Fighting
 + Level 4.0 Axes
 + Level 2.6 Armour
 - Level 1.0 Dodging
 - Level 2.6 Shields


You had 4 spell levels left.
You didn't know any spells.
Your spell library was empty.

Dungeon Overview and Level Annotations

Branches:
Dungeon (5/15)
 Temple: D:4-7

Altars:
Elyvilon
Zin

Shops:
D:5 (

Annotations:
D:5 Menkaure, Sigmund


Innate Abilities, Weirdness & Mutations

You are mostly covered in molten scales. (AC +3)
You are slightly more attuned to the shadows.
You tend to lose your temper in combat.
You are resistant to hostile enchantments. (MR+)
You expend magic power (3 MP) to strengthen your wands.


Message History

You hit something but do no damage. You barely miss Menkaure.
You hear some strange, mumbled words.
A magic dart appears from out of thin air!
The magic dart hits you but does no damage.
Menkaure gestures wildly while chanting.
Menkaure seems to speed up.
Something hits you but does no damage.
You barely miss something. You hit Menkaure but do no damage.
Menkaure grins.
Menkaure hits you but does no damage. You block Menkaure's attack.
You closely miss something. You hit Menkaure. Something hits you.
You block Menkaure's attack.
Your shield and scale mail prevent you from hitting something.
Your shield prevents you from hitting Menkaure.
Menkaure points at you and mumbles some strange words.
You resist with some effort. Something hits you.
* * * LOW HITPOINT WARNING * * *
Menkaure hits you but does no damage.
You hit something but do no damage. You barely miss Menkaure.
Something hits you but does no damage. Menkaure hits you!
You die...

#########.###
#@M..........
#{##.###....
#.##.###....
#.##.M...#
#.#####..#
#........#
#+#
#######.##
#... ###.#
##..M. ##.#.#
......


You could see Menkaure.

Vanquished Creatures
  Jessica (D:3)
  A worker ant (D:4)
  6 adders
  3 oozes
  An adder skeleton (D:4)
  A worm (D:2)
  A dart slug (D:3)
  2 leopard geckos
  2 orcs
  4 giant cockroaches
  8 goblins
  4 hobgoblins
  3 quokkas
  2 ball pythons
  8 bats
  6 frilled lizards
  4 kobolds
  A leopard gecko skeleton (D:4)
  10 rats
68 creatures vanquished.

Notes
Turn   | Place    | Note
-------+----------+-------------------------------------------
     0 | D:1      | Anathary the Demonspawn Fighter began the quest for the
                  | Orb.
     0 | D:1      | Reached XP level 1. HP: 18/18 MP: 1/1
   127 | D:1      | Gained mutation: You are partially covered in molten
                  | scales. (AC +2) [demonic ancestry]
   127 | D:1      | Reached XP level 2. HP: 23/24 MP: 2/2
   898 | D:2      | Reached XP level 3. HP: 25/30 MP: 3/3
  1357 | D:2      | Gained mutation: You are slightly more attuned to the
                  | shadows. [demonic ancestry]
  1357 | D:2      | Reached XP level 4. HP: 29/37 MP: 4/4
  2083 | D:3      | Noticed Jessica
  2090 | D:3      | Killed Jessica
  2090 | D:3      | Gained mutation: You are mostly covered in molten scales.
                  | (AC +3) [demonic ancestry]
  2090 | D:3      | Reached XP level 5. HP: 23/42 MP: 5/5
  2577 | D:3      | Found a glowing silver altar of Zin.
  2685 | D:3      | Gained mutation: You tend to lose your temper in combat.
                  | [potion of mutation]
  2685 | D:3      | Gained mutation: You expend magic power (3 MP) to
                  | strengthen your wands. [potion of mutation]
  2685 | D:3      | Gained mutation: You are resistant to hostile enchantments.
                  | (MR+) [potion of mutation]
  3071 | D:4      | Reached skill level 1 in Dodging
  3654 | D:4      | Found a white marble altar of Elyvilon.
  3829 | D:5      | Entered Level 5 of the Dungeon
  3857 | D:5      | Found Giajem's Antique Weapon Emporium.
  3873 | D:5      | Noticed Sigmund
  3873 | D:5      | Noticed Menkaure
  3903 | D:5      | Slain by Menkaure

Levels and vault maps discovered:
D:1:      lightli_arrival_chessboard, layout_basic
D:2:      layout_basic, minmay_joined_circles
D:3:      layout_basic, marbit_many_paths, uniq_jessica
D:4:      layout_loops_corners, lemuel_round_altar
D:5:      layout_loops_corners, kennysheep_little_box, temple_fountains,
          serial_shops, nicolae_shop_waterfront, first_ration, kennysheep_boxes,
          uniq_menkaure, uniq_sigmund

Skill      XL: |  1  2  3  4  5 |
---------------+----------------+-----
Axes           | 2 3 4 |  4.0
Fighting       | 4 |  4.4
Dodging        | 1 |  1.0
Armour         | |  2.6
Shields        | |  2.6

Action                   |  1- 3 |  4- 6 || total
-------------------------+-------+-------++-------
Melee: War axe           |   126 |   134 ||   260
  Use: Scroll            |     4 |     7 ||    11
       Potion            |       |     1 ||     1
  Eat: Chunk             |     1 |       ||     1
       Ration            |       |     3 ||     3
Armor: Scale mail        |    80 |    68 ||   148
Dodge: Dodged            |    53 |    35 ||    88
Block: Kite shield       |    78 |    69 ||   147

Table legend:
 A = Non-vault XP
 B = Vault XP
 C = Vault XP percentage of total XP
 D = Non-vault monster count
 E = Vault monster count
 F = Vault count percentage of total count
                 A         B        C        D         E       F
            +---------+---------+-------+---------+---------+-------
      Total |     177 |      92 |  34.2 |      57 |      11 |  16.2
            +---------+---------+-------+---------+---------+-------
        D:1 |      35 |       0 |   0.0 |      23 |       0 |   0.0
        D:2 |      48 |      52 |  52.0 |      13 |       9 |  40.9
        D:3 |      39 |      40 |  50.6 |      11 |       2 |  15.4
        D:4 |      55 |       0 |   0.0 |      10 |       0 |   0.0
            +---------+---------+-------+---------+---------+-------
